 Dungeon Crawl Stone Soup version 0.18.1-1-g2f07953 (webtiles) character file.

275 barb4r1an the Vexing (level 6, -1/41 HPs)
             Began as a Vampire Enchanter on May 6, 2016.
             Slain by Edmund
             ... wielding a +3 flail of crushing
              (2 damage)
             ... on level 4 of the Dungeon.
             The game lasted 00:08:23 (3679 turns).

barb4r1an the Vexing (Vampire Enchanter)            Turns: 3679, Time: 00:08:24

Health: -1/41      AC:  7    Str:  7    XL:     6   Next: 3%
Magic:  1/10       EV: 11    Int: 17    God:
Gold:   190        SH:  0    Dex: 17    Spells: 4 memorised, 2 levels left

rFire  . . .     SeeInvis +     p - +1 dagger (venom)
rCold  + + .     Gourm    .     B - +0 ring mail
rNeg   + + +     Faith    .     (no shield)
rPois  ∞         Spirit   .     u - +0 helmet (curse)
rElec  .         Dismiss  .     o - +0 cloak
rCorr  .         Reflect  .     (no gloves)
SustAt +         Harm     .     (no boots)
MR     .....                    (no amulet)
Stlth  ++++......               (no ring)
                                t - ring of sustain attributes

@: bloodless, non-regenerating, not resistant to hostile enchantments, stealthy
A: fangs 3, see invisible, unbreathing
a: Bat Form


You were on level 4 of the Dungeon.
You were bloodless.

You visited 1 branch of the dungeon, and saw 4 of its levels.

You collected 190 gold pieces.

Inventory:

Hand Weapons
 a - a +1 dagger
 p - a +1 dagger of venom (weapon)
Armour
 b - a +1 robe
 o - a +0 cloak (worn)
 u - a cursed +0 helmet (worn)
 B - a +0 ring mail (worn)
Jewellery
 t - a ring of sustain attributes (left hand)
 E - an uncursed ring of protection from magic {unknown}
Wands
 A - a wand of iceblast (5/15)
Scrolls
 h - a scroll of random uselessness {unknown}
 i - a scroll of amnesia {unknown}
 j - a scroll of noise {unknown}
 n - 3 scrolls of identify {unknown}
 r - a scroll of immolation {unknown}
 s - a scroll of fog {unknown}
 v - 3 scrolls of recharging {unknown}
 w - a scroll of blinking {unknown}
 x - a scroll of remove curse {unknown}
 y - 2 scrolls of teleportation {unknown}
Potions
 d - a potion of brilliance {unknown}
 e - a potion of heal wounds {unknown}
 f - a potion of mutation {unknown}
 g - 7 potions of curing {unknown}
 k - a potion of cancellation {unknown}
 l - 2 potions of degeneration {unknown}
 m - 3 potions of agility {unknown}
 q - a potion of lignification {unknown}
 z - a potion of might {unknown}
 C - a potion of berserk rage {unknown}
 D - 2 potions of flight {unknown}
Books
 c - a book of Maledictions

   Spells                             Type                      Level
   a - Corona                         Hexes                        1
   b - Ensorcelled Hibernation        Hexes/Ice                    2
   c - Confuse                        Hexes                        3
   d - Tukima's Dance                 Hexes                        3
   e - Dazzling Spray                 Conjuration/Hexes            3


   Skills:
 + Level 2.9 Short Blades
 + Level 3.1 Dodging
 * Level 6.2 Stealth
 * Level 3.1 Spellcasting
 - Level 6.2 Hexes
 + Level 0.4 Ice Magic


You had 2 spell levels left.
You knew the following spells:

 Your Spells              Type           Power        Failure   Level  Hunger
a - Corona                Hex            ###....      6%          1    None
b - Ensorcelled Hibernat  Hex/Ice        ##....       24%         2    ##.....
c - Confuse               Hex            ###.....     14%         3    ###....
d - Tukima's Dance        Hex            ###.....     14%         3    ###....


Dungeon Overview and Level Annotations

Branches:
Dungeon (4/15)
 Temple: D:4-7

Altars:
Ashenzari
Fedhas
Gozag
Kikubaaqudgha
Makhleb
Nemelex Xobeh
Qazlal
Ru
Vehumet
Zin

Annotations:
D:4 Edmund


Innate Abilities, Weirdness & Mutations

You do not heal naturally.
You are immune to poison.
You have razor-sharp teeth.
You have supernaturally acute eyesight.
You can survive without breathing.


Message History

* * * LOW HITPOINT WARNING * * *
x2 Edmund hits you with a flail of crushing.
* * * LOW HITPOINT WARNING * * *
x2
Casting: Ensorcelled Hibernation
Confirm with . or Enter, or press ? or * to list all spells.
Aiming: Ensorcelled Hibernation
Press: ? - help, Shift-Dir - straight line, f/p - Edmund
Aim: Edmund, wielding a flail of crushing and wearing a scale mail (heavily wounded, chance to defeat MR: 44%) Edmund resists with some effort.
Your magical contamination has completely faded away.
Edmund says, "I'm quite good with sums, too."
Edmund barely misses you.
Casting: Ensorcelled Hibernation
Confirm with . or Enter, or press ? or * to list all spells.
Aiming: Ensorcelled Hibernation
Press: ? - help, Shift-Dir - straight line, f/p - Edmund
Aim: Edmund, wielding a flail of crushing and wearing a scale mail (heavily wounded, chance to defeat MR: 44%) Edmund resists with some effort.
Edmund hits you with a flail of crushing.
You die...

##...### #.### ...#.# #...#
##...####### ###.# # .##.....#
#.# ##.....# #####.# #.....#
#...#.# #.....# #.....# #.....#
#..@### ###.#######@##
######.......##.#
#..........#.##.#
#.#.............#
##.#.(......#.#### #########
..........###.########.......####
##.#.#..#.....##.......#####.....
#.#.##...######.####..#####..##.
#........# #..........##..##.


You could see Edmund.

Vanquished Creatures
  An orc priest (D:3)
  2 orc wizards (D:3)
  A worker ant (D:4)
  6 adders
  An adder skeleton (D:4)
  3 worms
  4 dart slugs
  2 giant geckos
  6 orcs (D:3)
  3 ball pythons
  13 bats
  3 giant cockroaches
  5 goblins
  9 hobgoblins
  10 jackals
  10 kobolds
  4 giant newts
  A jackal skeleton (D:3)
  A quokka skeleton (D:4)
  5 rats
90 creatures vanquished.

Notes
Turn   | Place    | Note
--------------------------------------------------------------
     0 | D:1      | barb4r1an the Vampire Enchanter began the quest for the Orb.
     0 | D:1      | Reached XP level 1. HP: 13/13 MP: 3/3
   213 | D:1      | Reached XP level 2. HP: 18/19 MP: 5/5
   217 | D:1      | Learned a level 2 spell: Ensorcelled Hibernation
   265 | D:1      | Reached skill level 5 in Hexes
   553 | D:1      | Reached XP level 3. HP: 19/24 MP: 1/6
  1382 | D:2      | Reached XP level 4. HP: 30/30 MP: 0/7
  1471 | D:2      | Found a burning altar of Makhleb.
  1550 | D:2      | Found a stormy altar of Qazlal.
  1573 | D:2      | Found a sparkling altar of Nemelex Xobeh.
  1573 | D:2      | Found an ancient bone altar of Kikubaaqudgha.
  1577 | D:2      | Found a blossoming altar of Fedhas.
  1584 | D:2      | Found a glowing silver altar of Zin.
  1584 | D:2      | Noticed an angel
  1763 | D:2      | Found a radiant altar of Vehumet.
  1850 | D:2      | Reached skill level 5 in Stealth
  1933 | D:2      | Learned a level 3 spell: Confuse
  2065 | D:2      | Found an opulent altar of Gozag.
  2067 | D:2      | Found a sacrificial altar of Ru.
  2404 | D:3      | Reached XP level 5. HP: 35/35 MP: 5/9
  3132 | D:4      | Learned a level 3 spell: Tukima's Dance
  3335 | D:4      | Reached XP level 6. HP: 41/41 MP: 10/10
  3397 | D:4      | Found a shattered altar of Ashenzari.
  3565 | D:4      | Noticed Edmund
  3650 | D:4      | HP: 2/41 [Edmund/flail of crushing (1)]
  3679 | D:4      | Slain by Edmund

Skill      XL: |  1  2  3  4  5 |
---------------+----------------+-----
Hexes          | 5 6 |  6.2
Short Blades   | 2 |  2.9
Stealth        | 5 6 |  6.2
Spellcasting   | 3 |  3.1
Dodging        | 3 |  3.1
Ice Magic      | |  0.4

Action                   |  1- 3 |  4- 6 || total
-------------------------+-------+-------++-------
Melee: Dagger            |    85 |   106 ||   191
       Bite              |     2 |     8 ||    10
 Cast: Ensorcelled Hiber |    16 |    27 ||    43
 Stab: Sleeping          |    25 |    26 ||    51
Armor: Robe              |    31 |    16 ||    47
       Ring mail         |       |     3 ||     3
Dodge: Dodged            |    57 |    52 ||   109
